 Dungeon Crawl Stone Soup version 0.31.0-32-g396128a36d (webtiles) character file.

Game seed: 13598020326540824762

72 spaghetti the Changeling (level 4, 42/42 HPs)
             Began as a Naga Chaos Knight on Mar 22, 2024.
             Was a Plaything of Xom.
             Quit the game on level 2 of the Dungeon.
             The game lasted 00:01:49 (1315 turns).

spaghetti the Changeling (Naga Chaos Knight)        Turns: 1315, Time: 00:01:50

Health: 42/42      AC:  5    Str: 14    XL:     4   Next: 25%
Magic:  4/4        EV:  9    Int: 15    God:    Xom [....*.]
Gold:   59         SH:  0    Dex: 10    Spells: 3/3 levels left

rFire   . . .        a - +0 falchion (chaos)
rCold   . . .        (no shield)
rNeg    . . .        b - +2 leather armour
rPois   +            (no helmet)
rElec   .            (no cloak)
rCorr   .            (no gloves)
SInv    +            (no barding)
Will    .....        (no amulet)
Stlth   +            (no ring)
HPRegen 0.27/turn    (no ring)
MPRegen 0.09/turn

%: no passive effects
@: very slow
A: AC +1, large, see invisible, deformed body, poison resistance, slowness 2,
spit poison 1, naga tail 1
a: Spit Poison, Renounce Religion


You were on level 2 of the Dungeon.
You worshipped Xom.
You were a beloved toy of Xom.
You visited 1 branch of the dungeon, and saw 2 of its levels.

You collected 59 gold pieces.

Inventory:

Hand Weapons
 a - a +0 falchion of chaos (weapon)
Armour
 b - a +2 leather armour (worn)
Talismans
 d - a blade talisman
Wands
 j - a wand of flame (11)
Scrolls
 c - 2 scrolls of butterflies
 e - 2 scrolls of identify {unknown}
 g - a scroll of fear {unknown}
 h - a scroll of blinking {unknown}
 l - a scroll of silence {unknown}
Potions
 f - a potion of magic {unknown}
 i - a potion of curing {unknown}
 k - a potion of enlightenment {unknown}


   Skills:
 - Level 3.0 Fighting
 - Level 3.0 Long Blades
 - Level 1.5 Armour
 - Level 0.7 Dodging
 + Level 3.4 Shapeshifting


You had 3 spell levels left.
You didn't know any spells.
Your spell library contained the following spells:

 Spells                   Type           Power      Damage    Failure   Level
 Stone Arrow              Conj/Erth      0%         3d7       69%         3
 Animate Armour           Summ/Erth      0%         N/A       97%         4
 Lehudib's Crystal Spear  Conj/Erth      0%         10d2      100%        8


Dungeon Overview and Level Annotations

Branches:
Dungeon (2/15)

Altars:
Yredelemnul


Innate Abilities, Weirdness & Mutations

Your serpentine skin is tough. (AC +1)
You have supernaturally acute eyesight. (SInv)
Armour fits poorly on your strangely shaped body.
Your system is resistant to poisons. (rPois)
You cover ground very slowly.
You can spit poison.
You have a snake-like lower body.


Message History

No target in view!
No target in view!
No target in view!
No target in view!
No target in view!
No target in view!
No target in view!
No target in view!
No target in view!
No target in view!
No target in view!
Okay, then.
Okay, then.
Okay, then.
A quokka comes into view.
A quokka is nearby!
A quokka is nearby!
The quokka barely misses you.
You miss the quokka. The quokka barely misses you. x2
You hit the quokka but do no damage. The quokka barely misses you.
You slash the quokka!
You kill the quokka!
No target in view!
No target in view!
No target in view!
No target in view!
No target in view!
No target in view!
No target in view!
No target in view!
No target in view!
No target in view!
No target in view!
No target in view!
No target in view!
You are now a beloved toy of Xom.
An endoplasm comes into view.
An endoplasm is nearby!
An endoplasm is nearby!
Are you sure you want to abandon this character and quit the game? (Confirm with "yes".)

#.#.#.##
#.....#
###.###
#.# ##
#.# ..
#.# #J
#.#
#..#.#
#...@#
#.#### #


You could see an endoplasm (asleep).

Vanquished Creatures
  4 adders (D:2)
  4 ball pythons
  2 bats
  2 endoplasms (D:1)
  2 giant cockroaches
  A goblin (D:1)
  A hobgoblin (D:2)
  7 jackals
  A kobold (D:1)
  4 quokkas
  3 frilled lizards
  A rat (D:1)
32 creatures vanquished.

Notes
Turn   | Place    | Note
-------+----------+-------------------------------------------
     0 | D:1      | spaghetti the Naga Chaos Knight began the quest for the
                  | Orb.
     0 | D:1      | Reached XP level 1. HP: 21/21 MP: 1/1
   157 | D:1      | Reached skill level 1 in Shapeshifting
   212 | D:1      | Reached XP level 2. HP: 22/28 MP: 2/2
   450 | D:1      | XOM: silly message
   605 | D:1      | XOM: divination: magic mapping
   745 | D:1      | XOM is BORED!
   745 | D:1      | XOM: silly message
   983 | D:2      | Reached XP level 3. HP: 32/34 MP: 3/3
  1039 | D:2      | XOM: smoke on damage
  1099 | D:2      | XOM: divination: detect items
  1132 | D:2      | XOM: god gift: 2 silver javelins
  1161 | D:2      | Reached XP level 4. HP: 37/42 MP: 4/4
  1226 | D:2      | Found a basalt altar of Yredelemnul.
  1315 | D:2      | Quit the game

Illustrated notes

Levels and vault maps discovered:
D:1:      dpeg_arrival_boxorama, layout_basic,
          amcnicky_mini_rare_corridor_liquid
D:2:      layout_loops_ring, basic_altar, uniq_terence

Skill      XL: |  1  2  3 |
---------------+----------+-----
Shapeshifting  | 1 2 3 |  3.4
Fighting       | |  3.0
Long Blades    | |  3.0
Armour         | |  1.5
Dodging        | |  0.7

Action                     |  1- 3 |  4- 6 || total
---------------------------+-------+-------++-------
  Melee: Falchion          |   105 |    21 ||   126
         Punch             |       |     1 ||     1
   Stab: Sleeping          |     1 |       ||     1
 Armour: Leather armour    |   101 |    21 ||   122
  Dodge: Dodged            |    82 |    17 ||    99
